 Dungeon Crawl Stone Soup version 0.28.0-47-ge53b351184 (webtiles) character file.

Game seed: 13723627860402814944

19660 Gabide the Thaumaturge (level 12, -3/97 HPs)
             Began as a Mummy Necromancer on May 4, 2022.
             Was a Believer of Kikubaaqudgha.
             Slain by Snorg (11 damage)
             ... on level 11 of the Dungeon on May 5, 2022.
             The game lasted 00:43:55 (17333 turns).

Gabide the Thaumaturge (Mummy Necromancer)         Turns: 17333, Time: 00:43:56

Health: -3/97      AC: 10    Str: 11    XL:     12   Next: 38%
Magic:  10/37      EV: 15    Int: 20    God:    Kikubaaqudgha [**....]
Gold:   426        SH:  0    Dex: 12    Spells: 16/35 levels left

rFire   x . .      SeeInvis .   p - +10 quarterstaff of Geom {protect, rElec}
rCold   + . .      Faith    .   (shield currently unavailable)
rNeg    + + +      Spirit   .   b - +2 robe {Archmagi}
rPois   ∞          Reflect  .   u - +1 hat of Amorality {Will+ Stlth+}
rElec   +          Harm     .   (no cloak)
rCorr   .          Rampage  .   e - +2 pair of gloves
Will    ++...      Archmagi +   z - +1 pair of boots
Stlth   +++.......              h - amulet of magic regeneration
HPRegen 0.26/turn               d - ring of wizardry
MPRegen 0.65/turn               r - ring of magical power

@: no status effects
A: cold resistance 1, negative energy resistance 3, torment resistance 2, heat
vulnerability 1, no potions
a: Renounce Religion, Receive Corpses


You were on level 11 of the Dungeon.
You worshipped Kikubaaqudgha.
Kikubaaqudgha was pleased with you.
You visited 2 branches of the dungeon, and saw 12 of its levels.
You also visited: Sewer and Bailey.

You collected 657 gold pieces.
You spent 231 gold pieces at shops.

Inventory:

Hand Weapons
 j - a +3 quarterstaff of speed
 p - the +10 quarterstaff of Geom (weapon) {protect, rElec}
   (You found it on level 8 of the Dungeon)

   It grants its wielder temporary protection when it strikes (+7 to AC).
   rElec:     It insulates you from electricity.
Missiles
 v - 6 silver javelins
Armour
 b - a +2 robe of the Archmagi (worn)
 e - a +2 pair of gloves (worn)
 u - the +1 hat of Amorality (worn) {Will+ Stlth+}
   (You found it on level 8 of the Dungeon)

   Will:      It increases your willpower.
   Stlth:     It makes you more stealthy.
 z - a +1 pair of boots (worn)
Jewellery
 d - a ring of wizardry (left hand)
 f - an amulet of reflection
 h - an amulet of magic regeneration (around neck)
 l - a ring of resist corrosion
 r - a ring of magical power (right hand)
Wands
 o - a wand of iceblast (2)
 s - a wand of acid (8)
 t - a wand of flame (22)
Scrolls
 a - a scroll of noise
 i - a scroll of fear
 k - 2 scrolls of silence
 m - a scroll of amnesia
 n - a scroll of teleportation
 q - a scroll of vulnerability
 w - a scroll of brand weapon
 y - a scroll of immolation
Miscellaneous
 x - a phantom mirror (inert)


   Skills:
 * Level 9.9 Fighting
 + Level 5.3 Staves
 * Level 8.5 Dodging
 - Level 1.5 Stealth
 * Level 12.1 Spellcasting
 * Level 10.8 Necromancy


You had 16 spell levels left.
You knew the following spells:

 Your Spells              Type           Power      Damage    Failure   Level
a - Pain                  Necr           100%       1d9       1%          1
b - Vampiric Draining     Necr           70%        2d11      1%          3
c - Animate Dead          Necr           35%        N/A       1%          4
d - Agony                 Necr           70%        N/A       1%          5
e - Corpse Rot            Necr/Air       100%       N/A       1%          2
f - Dispel Undead         Necr           70%        3d24      1%          4

Your spell library contained the following spells:

 Spells                   Type           Power      Damage    Failure   Level
 Animate Skeleton         Necr           100%       N/A       1%          1
 Excruciating Wounds      Necr           35%        N/A       1%          5
 Poisonous Vapours        Pois/Air       36%        N/A       3%          2
 Scorch                   Fire           36%        2d7       3%          2
 Summon Guardian Golem    Hex/Summ       18%        N/A       7%          3
 Flame Wave               Conj/Fire      18%        2d6       22%         4
 Summon Lightning Spire   Summ/Air       18%        N/A       22%         4
 Infestation              Necr           35%        N/A       83%         8
 Haunt                    Necr/Summ      25%        N/A       87%         7
 Summon Cactus Giant      Summ           9%         N/A       96%         6


Dungeon Overview and Level Annotations

Branches:
Dungeon (11/15)            Temple (1/1) D:7            Lair (0/6) D:10
    Orc (0/2) D:11          Sewer (visited)          Bailey (visited)

Altars:
Ashenzari
Cheibriados
Dithmenos
Elyvilon
Fedhas
Gozag
Hepliaklqana
Kikubaaqudgha
Makhleb
Nemelex Xobeh
Okawaru
Qazlal
Ru
Sif Muna
Trog
Uskayaw
Vehumet
Wu Jian
Xom
Yredelemnul
Zin
The Shining One

Shops:
D:6 ![

Annotations:
D:11 Snorg


Innate Abilities, Weirdness & Mutations

You are immune to poison.
Your flesh is cold resistant. (rC+)
You are immune to negative energy. (rN+++)
You are immune to unholy pain and torment.
You are vulnerable to heat. (rF-)
You do not drink.


Message History

Press: ? - help, v - describe, . - travel, g - get item
Here: Snorg (almost dead, berserk)
Items here: )) [[ ††.
The floor.
Unknown command.
Unknown command.
Unknown command.
Press: ? - help, v - describe, . - travel, g - get item
Here: Snorg (almost dead, berserk)
Items here: )) [[ ††.
The floor.
Unknown command.
Blink to where?
Press: ? - help, Dir - move target, p - Snorg
As you read the scroll of blinking, it crumbles to dust.
Casting: Agony (dangerous; 1% risk of failure)
Confirm with . or Enter, or press ? or * to list all spells.
Aiming: Pain (safe; 1% risk of failure)
Press: ? - help, Shift-Dir - straight line, f - Snorg
Aim: Snorg (almost dead, berserk, chance to affect: 52%)
You feel a surge of power!
Snorg writhes in agony.
Casting: Pain (safe; 1% risk of failure)
Confirm with . or Enter, or press ? or * to list all spells.
Aiming: Pain (safe; 1% risk of failure)
Press: ? - help, Shift-Dir - straight line, f/p - Snorg
Aim: Snorg (almost dead, berserk, chance to affect: 52%)
You feel a surge of power!
Snorg writhes in agony!
Snorg rages.
Unknown command.
Casting: Pain (safe; 1% risk of failure)
Confirm with . or Enter, or press ? or * to list all spells.
Aiming: Pain (safe; 1% risk of failure)
Press: ? - help, Shift-Dir - straight line, f/p - Snorg
Aim: Snorg (almost dead, berserk, chance to affect: 52%)
You feel a surge of power!
Snorg resists with significant effort.
Snorg bites you!!
* * * LOW HITPOINT WARNING * * *
Snorg barely misses you. Snorg claws you!
You die...
Kikubaaqudgha rasps: "You have failed me!
Welcome... oblivion!"

#..<.# ##..#
#....# #..#
#....# ##.#
#....# #.##
#..... #..#
###.... #..#
#.... #..##
#.....
#...##########
#@T...))......
##...#########
#...# ##..#
..># ###..
..#> #####


You could see Snorg (berserk).

Vanquished Creatures
  An orc warlord (Bailey)
  2 boulder beetles (D:10)
  8 two-headed ogres
  Nergalle (D:10)
  Pikel (D:7)
  An orc knight (D:10)
  A wizard (D:10)
  3 cyclopes
  A gargoyle (D:10)
  A komodo dragon (D:10)
  A queen bee (D:9)
  3 trolls (D:10)
  A wyvern (D:9)
  3 yaks (D:10)
  A steam dragon (D:8)
  5 vampire mosquitoes (D:10)
  A water moccasin (D:8)
  3 acid dragons
  Duvessa (D:7)
  7 orc warriors
  A sky beast (D:6)
  A necrophage (D:6)
  3 ogres
  2 centaurs
  A lemure (D:7)
  A wyvern zombie (D:5)
  5 bullfrogs
  4 scorpions
  A gnoll sergeant (D:6)
  A water moccasin zombie (D:5)
  Dowan (D:7)
  16 killer bees (D:9)
  5 wights (D:9)
  A howler monkey (D:7)
  6 centaur zombies
  A bullfrog zombie (D:6)
  3 centaur skeletons
  5 orc priests
  7 jellies
  2 gnoll shamans
  2 hounds
  A bullfrog skeleton (D:6)
  5 iguanas
  Jessica (D:2)
  7 orc wizards
  A mummy (D:6)
  3 howler monkey zombies
  Robin (D:1)
  11 gnolls
  A river rat (D:5)
  8 adders
  A shadow imp (D:7)
  An adder skeleton (D:5)
  A worm (D:2)
  A dart slug (D:1)
  22 orcs
  12 endoplasms
  8 giant cockroaches
  21 goblins
  20 hobgoblins
  7 jackals
  15 kobolds
  14 quokkas
  7 ball pythons
  5 bats
  17 frilled lizards
  7 rats
313 creatures vanquished.

Vanquished Creatures (collateral kills)
  A slime creature (D:10)
  12 killer bees (D:9)
  A hound skeleton (D:4)
14 creatures vanquished.

Vanquished Creatures (others)
  A gnoll (D:8)
  8 plants (D:10)
9 creatures vanquished.

Grand Total: 336 creatures vanquished

Notes
Turn   | Place    | Note
-------+----------+-------------------------------------------
     0 | D:1      | Gabide the Mummy Necromancer began the quest for the Orb.
     0 | D:1      | Reached XP level 1. HP: 13/13 MP: 4/4
   513 | D:1      | Reached XP level 2. HP: 20/20 MP: 2/5
   661 | D:1      | Reached skill level 3 in Spellcasting
   865 | D:1      | Found a faded altar of an unknown god.
  1053 | D:1      | Reached skill level 1 in Fighting
  1646 | D:2      | Reached XP level 3. HP: 26/26 MP: 5/7
  1674 | D:2      | Learned a level 3 spell: Vampiric Draining
  1707 | D:2      | Noticed Robin
  1915 | D:1      | Killed Robin
  2166 | D:2      | Noticed Jessica
  2171 | D:2      | Killed Jessica
  2172 | D:2      | Reached XP level 4. HP: 33/33 MP: 3/9
  3234 | D:3      | Reached XP level 5. HP: 38/38 MP: 1/10
  3310 | D:3      | Learned a level 4 spell: Animate Dead
  3328 | D:3      | Reached skill level 4 in Spellcasting
  4214 | D:4      | Reached skill level 5 in Necromancy
  4257 | D:4      | Reached XP level 6. HP: 46/46 MP: 8/12
  4264 | D:4      | Found a shimmering altar of Xom.
  4269 | D:4      | Found a burning altar of Makhleb.
  4269 | D:4      | Found a broken altar of Ashenzari.
  4271 | D:4      | Found an ornate altar of the Wu Jian Council.
  4274 | D:4      | Found a hazy altar of Hepliaklqana.
  5493 | D:5      | Entered Level 5 of the Dungeon
  5835 | D:5      | Found a glowing drain.
  5845 | Sewer    | Entered a sewer
  6465 | Sewer    | Reached skill level 5 in Spellcasting
  6469 | Sewer    | Reached XP level 7. HP: 37/52 MP: 0/14
  7157 | D:5      | Identified the +2 leather armour of Winitomp {+Blink rPois
                  | rN+ Dex-4}
  7348 | D:5      | Reached skill level 1 in Staves
  7462 | D:5      | Identified the +5 chain mail of Weightlessness {Str+2
                  | Slay+2 SInv}
  7710 | D:6      | Reached skill level 6 in Spellcasting
  7716 | D:6      | Reached XP level 8. HP: 26/60 MP: 1/17
  8243 | D:6      | Found Panix's Armour Shop.
  8605 | D:6      | Found a sacrificial altar of Ru.
  8716 | D:6      | Found Nowisom's Distillery.
  8870 | D:6      | Reached skill level 5 in Fighting
  9060 | D:6      | Reached skill level 7 in Spellcasting
  9174 | D:6      | Found a snail-covered altar of Cheibriados.
  9371 | D:6      | Bought a +2 pair of gloves for 231 gold pieces
  9524 | D:7      | Noticed Pikel
  9551 | D:7      | Killed Pikel
  9552 | D:7      | Reached skill level 5 in Dodging
  9552 | D:7      | Reached XP level 9. HP: 66/69 MP: 8/20
  9626 | D:7      | Noticed a cyclops
  9639 | D:7      | Killed a cyclops
  9664 | D:7      | Reached skill level 8 in Spellcasting
  9672 | D:7      | Noticed Duvessa
  9785 | D:7      | Killed Duvessa
  9787 | D:7      | Noticed Dowan
  9906 | D:7      | Killed Dowan
 10039 | D:7      | Found a staircase to the Ecumenical Temple.
 10202 | D:7      | Found a shadowy altar of Dithmenos.
 10332 | D:8      | Found a transporter.
 10477 | D:8      | Identified the +10 quarterstaff of Geom {protect, rElec}
 10788 | D:8      | Noticed a two-headed ogre
 10796 | D:8      | Killed a two-headed ogre
 10797 | D:8      | Reached XP level 10. HP: 42/77 MP: 13/22
 10959 | D:8      | Learned a level 5 spell: Agony
 10962 | D:8      | Learned a level 2 spell: Corpse Rot
 11154 | D:8      | Found a transporter.
 11181 | D:8      | Reached skill level 9 in Spellcasting
 11182 | D:8      | Identified the +1 hat of Amorality {Will+ Stlth+}
 11523 | Temple   | Entered the Ecumenical Temple
 11550 | Temple   | Became a worshipper of Kikubaaqudgha
 12006 | D:9      | Noticed a two-headed ogre
 12021 | D:9      | Killed a two-headed ogre
 12348 | D:9      | Noticed a two-headed ogre
 12358 | D:9      | Killed a two-headed ogre
 12819 | D:9      | Reached * piety under Kikubaaqudgha
 12819 | D:9      | Received a gift from Kikubaaqudgha
 12844 | D:9      | Reached skill level 10 in Spellcasting
 13024 | D:9      | Noticed a two-headed ogre
 13032 | D:9      | Killed a two-headed ogre
 13033 | D:9      | Reached XP level 11. HP: 69/86 MP: 20/25
 13119 | D:9      | Noticed a two-headed ogre
 13128 | D:9      | Killed a two-headed ogre
 13278 | D:9      | Noticed a two-headed ogre
 13290 | D:9      | Killed a two-headed ogre
 13552 | D:10     | Entered Level 10 of the Dungeon
 13586 | D:10     | Found a blossoming altar of Fedhas.
 13617 | D:10     | Found a flagged portal.
 13690 | Bailey   | Entered a bailey
 13695 | Bailey   | Noticed an orc warlord
 13935 | Bailey   | Reached ** piety under Kikubaaqudgha
 14331 | Bailey   | Found a runed translucent gate.
 14332 | Bailey   | Found a runed translucent gate.
 14333 | Bailey   | Found a runed translucent gate.
 14456 | Bailey   | Killed an orc warlord
 15024 | D:10     | Noticed a two-headed ogre
 15029 | D:10     | Killed a two-headed ogre
 15030 | D:10     | Reached skill level 11 in Spellcasting
 15041 | D:10     | Noticed a two-headed ogre
 15046 | D:10     | Killed a two-headed ogre
 15047 | D:10     | Reached skill level 10 in Necromancy
 15196 | D:10     | Noticed an orc knight
 15402 | D:10     | Acquired Udiopud's Handbook of Evil Arts and Summoning
 15409 | D:10     | Learned a level 4 spell: Dispel Undead
 15587 | D:10     | Found a staircase to the Lair.
 15816 | D:10     | Noticed a wizard
 15817 | D:10     | Noticed a boulder beetle
 15825 | D:10     | Noticed a boulder beetle
 15830 | D:10     | Killed a boulder beetle
 15831 | D:10     | Reached XP level 12. HP: 81/96 MP: 16/27
 15842 | D:10     | Reached skill level 5 in Staves
 16136 | D:10     | Killed a boulder beetle
 16918 | D:10     | Reached skill level 12 in Spellcasting
 17074 | D:10     | Noticed Nergalle
 17091 | D:10     | Killed Nergalle
 17316 | D:11     | Found a staircase to the Orcish Mines.
 17320 | D:11     | Noticed Snorg
 17333 | D:11     | Slain by Snorg

Illustrated notes

Levels and vault maps discovered:
D:1:      dpeg_arrival_water_fire, layout_basic,
          dreamdust_ecumenical_altar_hidden_monk_grotto, st_stairs_9
D:2:      layout_basic, uniq_robin, uniq_jessica
D:3:      layout_loops_corners
D:4:      layout_basic, minitemple
D:5:      layout_loops_cross, cheibrodos_sewer_entry_sluice
D:6:      layout_basic, mainiacjoe_overflow_boulevard, slow_altar_2,
          serial_shops, shop, nicolae_diamond_shop
D:7:      layout_cave_pools, marbit_many_paths,
          minmay_temple_entry_from_below_a, uniq_duvessa, uniq_pikel
D:8:      gammafunk_cloud_chamber, layout_loops_cross, minmay_parallelograms
D:9:      layout_roguey [special_room_bee]
D:10:     minmay_the_grid_3x3 [minmay_the_grid_fan, minmay_the_grid_spikes,
          minmay_the_grid_garden, minmay_the_grid_empty, minmay_the_grid_slots,
          minmay_the_grid_diamond_grid, minmay_the_grid_broken_lines,
          minmay_the_grid_empty, minmay_the_grid_prize_big_room],
          layout_loops_ring, mainiacjoe_overflow_paths, enter_bailey_5,
          uniq_nergalle
D:11:     layout_basic, orc_0_dummy, gauntlet_entry_generic, serial_shops,
          bzr_entry_dummy, uniq_snorg
Temple:   hc_temple_tempest_star

Skill      XL: |  1  2  3  4  5  6  7  8  9 10 11 12 |
---------------+-------------------------------------+-----
Spellcasting   | 3 4 5 6 7 8 10 11 12 | 12.1
Fighting       | 1 2 3 4 5 6 8 9 |  9.9
Dodging        | 2 3 4 5 6 8 |  8.5
Necromancy     | 5 6 7 8 9 10 | 10.8
Staves         | 1 2 3 4 5 |  5.3
Stealth        | |  1.5

Action                   |  1- 3 |  4- 6 |  7- 9 | 10-12 || total
-------------------------+-------+-------+-------+-------++-------
Melee: Unarmed           |    11 |       |       |       ||    11
       Short sword       |       |    26 |       |       ||    26
       Punch             |       |     1 |       |       ||     1
       Quarterstaff      |       |       |   117 |   127 ||   244
 Cast: Pain              |    76 |   158 |    82 |    97 ||   413
       Vampiric Draining |       |     2 |    77 |   130 ||   209
       Animate Dead      |       |     1 |     1 |    20 ||    22
       Agony             |       |       |       |    36 ||    36
       Dispel Undead     |       |       |       |    15 ||    15
       Corpse Rot        |       |       |       |     1 ||     1
Invok: Receive Corpses   |       |       |       |     5 ||     5
Evoke: Wand              |       |       |       |     9 ||     9
       Phantom mirror    |       |       |       |     1 ||     1
  Use: Scroll            |     2 |     4 |     3 |    22 ||    31
 Stab: Sleeping          |       |       |     1 |       ||     1
Armor: Robe              |     8 |    12 |    50 |   109 ||   179
Dodge: Dodged            |    23 |    31 |   115 |   258 ||   427
Block: Other             |     3 |    15 |    13 |       ||    31
